Map: Para Site LE

Players

Leon - Winner!

  • Race: Terran Terran
  • League: Diamond
  • Spawn Location: 5:00

A.I. 1 (Very Easy)

  • Race: Zerg Zerg
  • Spawn Location: 11:00

VOD

Have the link to the VOD?

Description

Hellion + BC on gas first timings

Time

  • Played on: Jan. 11, 2019, 12:18 a.m.
  • Length: 8:32
Show
View Real Time Build Order
Export as new Build Order

Leon Terran - Winner!

Build Orders: Gas First Reaper Expand, Hellion Opening 

Get SALT Encoding   

  12  0:01  SCV  
  13  0:14  SCV  
  13  0:17  Supply Depot  
  14  0:28  SCV  
  15  0:30  Refinery  
  15  0:40  SCV  
  16  0:45  Barracks  
  16  0:53  SCV  
  17  1:05  SCV  
  18  1:17  SCV  
  19  1:32  Orbital Command  
  19  1:33  Reaper  
  20  1:44  Command Center  
  20  1:53  Factory  
  20  1:58  SCV  
  21  2:05  Supply Depot  
  21  2:09  Barracks Reactor  
  21  2:11  SCV  
  22  2:16  Refinery  
  22  2:23  SCV  
  23  2:36  SCV  
  24  2:39  Factory Tech Lab  
  24  2:45  Starport  
  24  2:57  Orbital Command  
  24  3:00  Hellion x2  
  28  3:06  SCV  
  28  3:12  Supply Depot  
  29  3:22  Hellion x2  
  29  3:25  Viking  
  35  3:29  Barracks Tech Lab  
  35  3:30  Fusion Core  
  35  3:35  SCV  
  35  3:36  SCV  
  37  3:43  Hellion  
  37  3:47  Hellion  
  41  3:57  SCV x2  
  41  3:59  Supply Depot  
  43  4:09  SCV x2, Refinery  
  45  4:25  SCV x2  
  45  4:27  Battlecruiser  
  53  4:34  Hellion x2  
  53  4:37  SCV x2  
  59  4:44  Supply Depot  
  59  4:51  Weapon Refit  
  59  4:55  SCV x2  
  61  5:03  Command Center  
  61  5:10  SCV x2  
  61  5:13  Hellion  
  61  5:14  Hellion  
  67  5:25  SCV  
  67  5:26  SCV, Refinery  
  69  5:57  Supply Depot x2  
  69  6:06  SCV  
  70  6:14  Hellion x2, SCV, Battlecruiser  
  81  6:19  Command Center  
  81  6:25  Factory  
  81  6:27  Factory  
  81  6:31  Barracks Tech Lab  
  81  6:33  Supply Depot  
  81  6:35  Supply Depot  
  81  6:38  Hellion  
  81  6:39  Hellion  
  85  6:41  SCV x2  
  87  6:47  Orbital Command  
  87  6:53  SCV x2  
  89  6:59  Armory x2  
  89  7:01  Engineering Bay  
  89  7:11  Barracks Tech Lab  
  89  7:16  Factory Tech Lab  
  89  7:19  Battlecruiser  
  95  7:32  SCV  
  95  7:33  SCV x2  
  98  7:45  SCV  
  98  7:46  Hellion x2  
  98  7:47  Refinery  
  98  7:48  Refinery  
  98  7:49  Cyclone x2, Barracks Tech Lab  
  109  7:56  Supply Depot  
  109  7:58  Supply Depot  
  109  7:59  SCV x3, Supply Depot  
  112  8:11  SCV x3  
Show
View Real Time Build Order
Export as new Build Order

A.I. 1 (Very Easy) Zerg 

Build Orders: Pool Only 

Get SALT Encoding   

  12  0:01  Drone  
  13  0:12  Overlord  
  13  0:16  Drone  
  14  0:34  Spawning Pool  
  13  0:37  Drone  
  13  0:40  Extractor  
  13  0:44  Drone  
  14  0:52  Overlord  
  14  1:21  Zergling x2  
  14  1:22  Queen  
  17  1:30  Roach Warren  
  16  1:33  Drone  
  16  1:37  Extractor  
  16  1:40  Zergling x2  
  16  1:42  Drone  
  18  1:55  Drone  
  18  1:59  Zergling x2  
  20  2:05  Drone  
  21  2:16  Drone  
  22  2:27  Drone  
  22  2:29  Overlord  
  23  2:34  Drone  
  24  2:41  Drone  
  25  4:32  Zergling x2  
  25  5:40  Zergling x2  
  25  5:41  Drone  
  26  5:47  Queen  
  26  5:48  Drone  
  25  5:51  Overlord  
  25  5:55  Drone  
  20  6:02  Drone  
  12  6:08  Roach  
  12  6:10  Drone  
  9  6:17  Drone  
  6  6:24  Drone  
  6  6:31  Drone  
  4  6:37  Zergling x2  
  4  6:38  Drone  
  5  6:46  Drone  
  5  6:53  Drone  
  5  7:00  Drone  
  5  7:05  Zergling x2  
  5  7:07  Drone  
  7  7:15  Drone  
  6  7:22  Drone  
  6  7:29  Drone  
  6  7:34  Zergling x2  
Tags
 
Add a new tag
Caveats
  • Supply blocks, unpowered buildings, or Contaminate may cause inaccurate times.
  • Supply counts are checked every 10 seconds.